 Dungeon Crawl Stone Soup version 0.27-a0-1200-g94dc6ad4cf (webtiles) character file.

Game seed: 5248655051807953271

16 27snakeeyes612 the Slasher (level 2, -3/28 HPs)
             Began as a Naga Berserker on June 1, 2021.
             Was a Follower of Trog.
             Slain by a goblin
             ... wielding a +0 dagger
             ... led by Robin
              (4 damage)
             ... on level 2 of the Dungeon.
             The game lasted 00:00:18 (675 turns).

27snakeeyes612 the Slasher (Naga Berserker)          Turns: 675, Time: 00:00:18

Health: -3/28      AC:  1    Str: 19    XL:     2   Next: 58%
Magic:  2/2        EV:  9    Int:  7    God:    Trog [*.....]
Gold:   14         SH:  0    Dex: 10    Spells: 1/1 levels left

rFire    . . .     SeeInvis +   a - +0 falchion
rCold    . . .     Faith    .   (no shield)
rNeg     . . .     Spirit   .   b - +0 animal skin
rPois    +         Reflect  .   (no helmet)
rElec    .         Harm     .   (no cloak)
rCorr    .         Rampage  .   (no gloves)
Will     .....                  (no barding)
Stlth    +.........             (no amulet)
HPRegen  0.09/turn              (no ring)
MPRegen  0.08/turn              (no ring)

@: short of breath, very slow
A: AC +0, large, see invisible, deformed body, poison resistance, slowness 2,
spit poison 1, naga tail 1
a: Spit Poison, Renounce Religion, Berserk


You were on level 2 of the Dungeon.
You worshipped Trog.
Trog was aware of your devotion.
You visited 1 branch of the dungeon, and saw 2 of its levels.

You collected 14 gold pieces.

Inventory:

Hand Weapons
 a - a +0 falchion (weapon)
Armour
 b - a +0 animal skin (worn)
Scrolls
 c - a scroll of teleportation {unknown}
Potions
 d - a potion of resistance {unknown}
 e - a potion of might {unknown}


   Skills:
 + Level 3.3 Fighting
 + Level 3.3 Long Blades
 + Level 1.6 Armour
 + Level 1.6 Dodging
 + Level 0.4 Stealth


You had one spell level left.
You didn't know any spells.
Your spell library was empty.

Dungeon Overview and Level Annotations

Branches:
Dungeon (2/15)

Altars:

Annotations:
D:2 Robin


Innate Abilities, Weirdness & Mutations

Your serpentine skin is tough. (AC +0)
You have supernaturally acute eyesight. (SInv)
Armour fits poorly on your strangely shaped body.
Your system is resistant to poisons. (rPois)
You cover ground very slowly.
You can spit poison.
You have a snake-like lower body.


Message History

A goblin comes into view.
It is wielding a +0 club. x2 2 goblins and Robin come into view.
Robin shouts!
The goblin shouts! x2
A goblin comes into view. It is wielding a +0 dagger. x2
The goblin moves out of view.
Found an encrusted ivory ring.
There are monsters nearby! 2 goblins come into view.
The goblin shouts! x3
A hobgoblin comes into view.
The goblin misses you.
Found a scroll labelled VAENAT FAIPEIF.
You see here a +0 robe.
You can't do that yet.
There are monsters nearby!
The hobgoblin shouts!
You hit the goblin.
The goblin is severely wounded.
You have got your breath back.
A goblin opens the door.
Robin roars a battlecry!
The goblins go into a battle-frenzy!
The splash of poison hits the goblin.
You kill the goblin!
Trog accepts your kill. The goblin barely misses you.
You riposte.
You barely miss the goblin.
The goblin is severely wounded.
Robin throws the goblin at you! The goblin barely misses you.
The goblin hits you with a +0 dagger.
The goblin unwields a +0 dagger.
The goblin wields a +0 hunting sling.
The goblin shoots a stone.
The stone hits you.
You closely miss the goblin. The goblin hits you with a +0 dagger.
The goblin barely misses you. The goblin hits you with a +0 dagger.
* * * LOW HITPOINT WARNING * * *
The goblin shoots a stone.
The stone hits you.
* * * LOW HITPOINT WARNING * * *
The goblin closely misses you. The goblin hits you but does no damage.
Robin throws the goblin at you!
The goblin unwields a +0 hunting sling.
The goblin wields a +0 dagger.
The goblin hits you with a +0 dagger.
You die...

....# ....##
##...... #...=.#
#.....# #ggg..
##.######)#g##
#.......gggg.#
##..#####g@g..+
#.......#g#g..##
#................
##.#.##.#.##......
#.....<.#.# ......
##.#.####.# #?....
# ... ..... ..#
#.... ###


You could see Robin, a hobgoblin (strong) and 10 goblins.

Vanquished Creatures
  A dart slug (D:1)
  A giant cockroach (D:1)
  2 goblins
  A hobgoblin (D:1)
  2 quokkas (D:1)
  2 bats (D:1)
  2 frilled lizards (D:1)
  3 kobolds (D:1)
  A rat (D:2)
15 creatures vanquished.

Notes
Turn   | Place    | Note
-------+----------+-------------------------------------------
     0 | D:1      | 27snakeeyes612 the Naga Berserker began the quest for the
                  | Orb.
     0 | D:1      | Reached XP level 1. HP: 21/21 MP: 1/1
   147 | D:1      | Reached XP level 2. HP: 23/28 MP: 2/2
   669 | D:2      | Noticed Robin
   674 | D:2      | HP: 1/28 [goblin/stone[Robin] (6)]
   675 | D:2      | Slain by a goblin

Illustrated notes

Levels and vault maps discovered:
D:1:      amcnicky_arrival_single_pillar, layout_rooms
D:2:      layout_basic, uniq_robin

Action                   || total
-------------------------++-------
Melee: Falchion          ||    12
 Abil: Spit Poison       ||    14
Armor: Animal skin       ||     3
Dodge: Dodged            ||     9
       Rpst.: Falchion   ||     2

Table legend: (Time is in decaauts)
 A = Elapsed time spent in this place.
 B = Non-inter-level travel time spent in this place.
 C = Inter-level travel time spent in this place.
 D = Time resting spent in this place.
 E = Time spent auto-exploring this place.
 F = Levels seen in this place.
 G = Mean time per level.
                   A        B        C        D        E       F      G
               +--------+--------+--------+--------+--------+-----+--------+
         Total |    880 |    849 |     31 |      0 |    758 |   2 |  440.0 |
       Dungeon |    880 |    849 |     31 |      0 |    758 |   2 |  440.0 |
               +--------+--------+--------+--------+--------+-----+--------+

Top non-repeatable levels by time:
     D:1: 867 daAuts
     D:2: 13 daAuts
